AoeStats
← Thots_and_Prayers

Black Forest

509777871Analyzed
4v4 RM · 6d ago on Sep 28, 2026· 86m 21s· 8 players
Game mode
Random Map
Map size
Large (8 player)
Population
200
Speed
Normal
Resources
Standard
Victory
Conquest
Starting age
Dark Age
Ending age
Imperial Age
RankedLock teamsTeams togetherTeam positionsShared explorationLock speedFull tech treeHidden civsTurbo modeCheats
Victory
Defeat
🇺🇸 Teutons · United States
847
+13
737
+17
🇵🇪 Bohemians · Peru
737
+17
🇦🇷 Cumans · Argentina
709
+18
🇺🇸 Franks · United States
812
-18
🇺🇸 Slavs · United States
810
-18
🇨🇳 Mongols · China
755
-16
🇧🇴 Byzantines · Bolivia
691
-13
Thots_and_Prayers
1:06 Loom
13:40 Feudal Age
15:29 Horse Collar
15:39 Double-Bit Axe
21:32 Castle Age
21:57 Wheelbarrow
23:45 Fletching
24:26 Scale Barding Armor
24:42 Bow Saw
25:13 Wheelbarrow
28:11 Forging
27:53 Fletching
28:24 Chain Barding Armor
28:12 Heavy Plow
30:16 Hand Cart
31:36 Caravan
32:08 Gold Mining
35:45 Imperial Age
32:46 Light Cavalry
33:55 Bloodlines
33:45 Husbandry
35:54 Iron Casting
35:17 Bodkin Arrow
36:52 Heavy Scorpion
38:49 Blast Furnace
38:25 Plate Barding Armor
38:17 Onager
39:33 Fortified Wall
39:45 Ballistics
39:32 Siege Engineers
41:21 Siege Onager
44:53 Man-at-Arms
46:53 Two-Man Saw
46:23 Elite Skirmisher
46:45 Hussar
49:07 Gold Shaft Mining
48:23 Stone Mining
49:53 Chemistry
48:48 Murder Holes
49:47 Padded Archer Armor
57:10 Long Swordsman
58:06 Two-Handed Swordsman
59:19 Champion
62:18 Druzhina
62:40 Conscription
Lost My Scout
0:35 Loom
14:43 Feudal Age
15:51 Arson
15:30 Man-at-Arms
17:35 Double-Bit Axe
20:20 Fletching
22:49 Gold Mining
23:03 Stone Mining
26:55 Castle Age
25:39 Scale Barding Armor
26:14 Forging
30:48 Fortified Wall
30:50 Masonry
30:27 Treadmill Crane
30:43 Murder Holes
31:27 Wheelbarrow
30:38 Town Watch
32:22 Gold Shaft Mining
34:14 Hand Cart
34:07 Town Patrol
34:50 Bodkin Arrow
37:00 Caravan
39:39 Imperial Age
38:22 Chain Barding Armor
38:38 Iron Casting
38:34 Ballistics
41:07 Conscription
40:56 Husbandry
40:16 Cavalier
40:17 Light Cavalry
41:22 Fervor
41:08 Herbal Medicine
41:11 Arrowslits
45:29 Plate Barding Armor
46:11 Blast Furnace
46:25 Paladin
47:11 Chivalry
49:48 Chemistry
49:19 Architecture
48:55 Siege Engineers
55:56 Hoardings
65:15 Squires
64:36 Pikeman
67:31 Halberdier
68:18 Scale Mail Armor
72:45 Chain Mail Armor
79:25 Plate Mail Armor
marcselo61280
1:17 Loom
13:16 Feudal Age
19:57 Castle Age
21:57 Double-Bit Axe
28:56 Imperial Age
30:04 Onager
32:37 Wheelbarrow
37:19 Chemistry
36:39 Ballistics
43:06 Elite Cataphract
43:57 Logistica
45:00 Greek Fire
46:44 Squires
56:53 Forging
56:45 Scale Mail Armor
56:50 Scale Barding Armor
57:16 Hand Cart
61:43 Iron Casting
63:23 Pikeman
67:49 Fortified Wall
72:10 Halberdier
73:50 Bow Saw
73:20 Halberdier
73:22 Elite Varangian Guard
WINGER
0:28 Loom
11:12 Feudal Age
17:37 Castle Age
16:03 Horse Collar
16:11 Double-Bit Axe
18:53 Heavy Plow
19:05 Bow Saw
22:30 Stone Mining
24:28 Stone Shaft Mining
23:55 Gold Mining
25:27 Gold Shaft Mining
25:26 Fletching
27:15 Bodkin Arrow
32:26 Imperial Age
32:29 Wheelbarrow
33:53 Siege Engineers
33:14 Onager
34:58 Chemistry
34:11 Masonry
35:33 Hand Cart
35:20 Fishing Lines
36:51 Conscription
36:39 Bracer
36:41 Padded Archer Armor
38:18 Leather Archer Armor
38:26 Ballistics
38:34 Siege Onager
39:57 Forging
39:53 Scale Barding Armor
41:56 Iron Casting
41:27 Scale Barding Armor
41:55 Drill
42:12 Hoardings
42:46 Elite Mangudai
46:02 Blast Furnace
45:23 Chain Barding Armor
45:20 Bloodlines
45:11 Husbandry
44:33 Heavy Cavalry Archer
45:38 Parthian Tactics
45:20 Thumb Ring
45:03 Heavy Scorpion
47:59 Fortified Wall
51:14 Capped Ram
52:10 Caravan
55:01 Light Cavalry
55:50 Siege Ram
xxyvonnederful
13:28 Feudal Age
16:58 Castle Age
15:40 Double-Bit Axe
15:38 Horse Collar
17:45 Wheelbarrow
20:45 Bow Saw
22:45 Heavy Plow
23:45 Scale Barding Armor
23:51 Forging
25:08 Hand Cart
24:42 Loom
24:43 Town Watch
26:14 Gold Mining
26:18 Stone Mining
26:53 Bloodlines
30:42 Imperial Age
28:34 Caravan
29:26 Stone Shaft Mining
29:47 Chain Barding Armor
30:03 Iron Casting
32:08 Plate Barding Armor
30:58 Cavalier
33:14 Coinage
33:09 Paladin
34:15 Conscription
35:22 Chemistry
34:34 Fortified Wall
34:45 Ballistics
34:36 Masonry
34:32 Siege Engineers
35:19 Onager
36:42 Hoardings
40:27 Banking
46:41 Crenellations
47:03 Fletching
47:36 Bombard Tower
47:07 Guard Tower
48:28 Bodkin Arrow
49:33 Blast Furnace
50:11 Keep
55:05 Town Patrol
fadul2105
11:08 Feudal Age
12:34 Loom
13:23 Double-Bit Axe
16:18 Castle Age
21:00 Bow Saw
21:35 Wheelbarrow
24:09 Hand Cart
25:08 Horse Collar
27:44 Heavy Plow
30:13 Caravan
33:33 Imperial Age
31:17 Pikeman
32:10 Forging
34:16 Chemistry
35:08 Iron Casting
35:46 Two-Man Saw
34:41 Houfnice
38:03 Halberdier
38:44 Squires
39:48 Blast Furnace
40:39 Conscription
39:44 Elite Hussite Wagon
40:39 Scale Mail Armor
46:18 Chain Mail Armor
48:59 Plate Mail Armor
48:52 Wagenburg Tactics
51:16 Arson
51:57 Siege Engineers
75:31 Murder Holes
TUNG TUNG TUNG TUNG TUNG SAHUR
9:13 Loom
11:08 Feudal Age
11:49 Horse Collar
11:54 Double-Bit Axe
12:54 Wheelbarrow
21:21 Castle Age
20:15 Gold Mining
20:15 Stone Mining
24:13 Stone Shaft Mining
24:13 Gold Shaft Mining
23:50 Caravan
26:59 Bow Saw
26:52 Town Watch
28:51 Heavy Plow
29:36 Padded Archer Armor
29:26 Fletching
31:05 Leather Archer Armor
30:45 Bodkin Arrow
31:05 Leather Archer Armor
31:31 Hand Cart
33:59 Imperial Age
32:42 Town Patrol
34:42 Bracer
35:33 Siege Engineers
35:51 Ballistics
36:31 Chemistry
35:43 Fortified Wall
35:44 Masonry
38:13 Conscription
38:29 Hoardings
38:44 Elite Mangudai
43:19 Siege Engineers
43:09 Murder Holes
49:41 Parthian Tactics
49:22 Thumb Ring
50:00 Husbandry
50:10 Bloodlines
51:26 Drill
51:07 Nomads
56:45 Onager
59:27 Siege Onager
VivaPeron
1:00 Loom
7:50 Feudal Age
9:20 Wheelbarrow
8:36 Double-Bit Axe
10:30 Fletching
25:26 Man-at-Arms
35:15 Gold Mining
35:15 Stone Mining
42:20 Castle Age
43:11 Forging
43:01 Scale Mail Armor
43:02 Padded Archer Armor
45:36 Iron Casting
45:06 Scale Barding Armor
45:19 Capped Ram
47:38 Gold Shaft Mining
47:58 Bodkin Arrow
48:18 Leather Archer Armor
48:23 Chain Barding Armor
48:18 Chain Mail Armor
53:33 Imperial Age
53:17 Steppe Husbandry
54:17 Light Cavalry
55:08 Bloodlines
56:08 Onager
56:10 Siege Ram
56:59 Cuman Mercenaries
56:34 Sappers
57:24 Conscription
58:01 Ring Archer Armor
58:31 Blast Furnace
57:52 Masonry
58:22 Fervor
59:16 Blast Furnace
58:47 Plate Mail Armor
58:47 Murder Holes
60:28 Hoardings
61:43 Thumb Ring
62:39 Ballistics
63:20 Chemistry
62:57 Elite Kipchak
65:01 Bow Saw
65:49 Plate Mail Armor
65:54 Plate Barding Armor
66:10 Caravan
66:39 Hand Cart
86:26 Heated Shot
Connection lost

Rejoining the realm…

Still unreachable

The connection could not be restored.

Session expired

The server has moved on; the page needs a fresh start.